 Dungeon Sprint DCSS version 0.30-a0-808-g6e0788376e (webtiles) character file.

Game seed: 12878429653708118149

302 rocky1 the Zephyrmancer (level 6, -2/32 HPs)
             Began as a Tengu Air Elementalist on Feb 26, 2023.
             Was an Initiate of Sif Muna.
             Slain by a shadow (10 damage)
             ... in the Dungeon (Sprint IX: "|||||||||||||||||||||||||||||").
             The game lasted 00:01:19 (636 turns).

rocky1 the Zephyrmancer (Tengu Air Elementalist)     Turns: 636, Time: 00:01:20

Health: -2/32      AC:  3    Str:  9    XL:     6   Next: 37%
Magic:  11/15      EV: 19    Int: 17    God:    Sif Muna [......]
Gold:   0          SH:  0    Dex: 17    Spells: 15/16 levels left

rFire   . . .      SeeInvis .    l - +2 scimitar (flame)
rCold   . . .      Faith    .    (no shield)
rNeg    . . .      Spirit   .    a - +0 robe
rPois   .          Reflect  .    (helmet restricted)
rElec   .          Harm     .    (no cloak)
rCorr   .          Rampage  .    m - +0 pair of gloves
Will    .....      NoTele   +    (boots unavailable)
Stlth   +++                      (no amulet)
HPRegen 0.25/turn                o - +3 ring of dexterity
MPRegen 0.14/turn                n - +2 ring of evasion

@: flying quickly and evasively, quick
A: beak, talons 3, nimble flight
a: Renounce Religion


You were in the Dungeon.
You worshipped Sif Muna.
Sif Muna was noncommittal.
You visited 1 branch

Inventory:

Hand Weapons
 d - a +0 short sword
 k - a +4 quarterstaff of speed
 l - a +2 scimitar of flaming (weapon)
Armour
 a - a +0 robe (worn)
 m - a +0 pair of gloves (worn)
Jewellery
 n - a +2 ring of evasion (right hand)
 o - a +3 ring of dexterity (left hand)
Wands
 j - a wand of iceblast (10)
Scrolls
 g - a scroll of blinking
 i - 2 scrolls of amnesia
Potions
 b - 5 potions of magic
 c - 5 potions of curing
 e - a potion of haste
 f - a potion of invisibility
 h - 2 potions of heal wounds


   Skills:
 + Level 5.5 Dodging
 + Level 5.0 Stealth
 + Level 5.6 Spellcasting
 + Level 4.1 Conjurations
 + Level 12.5 Air Magic


You had 15 spell levels left.
You knew the following spells:

 Your Spells              Type           Power      Damage    Failure   Level
a - Shock                 Conj/Air       100%       1d9       1%          1

Your spell library contained the following spells:

 Spells                   Type           Power      Damage    Failure   Level
 Static Discharge         Conj/Air       66%        2-5/arc   1%          2
 Swiftness                Air            47%        N/A       1%          3
 Airstrike                Air            23%        2d(4-20)  1%          4


Dungeon Overview and Level Annotations

Branches:
Dungeon (1/1)

Altars:
Cheibriados
Dithmenos
Elyvilon
Fedhas
Gozag
Hepliaklqana
Kikubaaqudgha
Makhleb
Nemelex Xobeh
Okawaru
Qazlal
Ru
Sif Muna
Trog
Uskayaw
Vehumet
Wu Jian
Xom
Yredelemnul
Zin
The Shining One
Jiyva
Lugonu


Innate Abilities, Weirdness & Mutations

You have a beak for a mouth.
You have claws for feet.
Your magical nature lets you fly swiftly and evasively.


Message History

Blink to where?
Press: ? - help, Dir - move target
As you read the scroll of blinking, it crumbles to dust.
Aiming: Shock (safe; 1% risk of failure)
Press: ? - help, Q - select action, (/) - cycle Shift-Dir - straight line, f - yak
Aim: a yak (lightly wounded, 84% to hit)
The zap hits something.
The zap hits the yak but does no damage.
The yak is lightly wounded.
Aiming: Shock (safe; 1% risk of failure)
Press: ? - help, Q - select action, (/) - cycle Shift-Dir - straight line, f/p - yak
Aim: a yak (translocational energy, lightly wounded, 84% to hit)
The zap hits something!
The zap misses the yak.
Aiming: Shock (safe; 1% risk of failure)
Press: ? - help, Q - select action, (/) - cycle Shift-Dir - straight line, f/p - yak
Aim: a yak (lightly wounded, 84% to hit)
The zap hits the yak!
The yak is moderately wounded.
The zap hits the wyvern.
The wyvern is lightly wounded.
The zap hits the wyvern.
The wyvern is moderately wounded.
Aiming: Shock (safe; 1% risk of failure)
Press: ? - help, Q - select action, (/) - cycle Shift-Dir - straight line, f/p - yak
Aim: a yak (moderately wounded, 84% to hit)
The zap hits the yak!
The yak is heavily wounded.
The zap hits the wyvern.
The wyvern is moderately wounded.
The zap hits the wyvern.
The wyvern is heavily wounded.
The shadow strikes at you from the darkness!
Ouch! That really hurt!
* * * LOW HITPOINT WARNING * * *
Reactivating autopickup.
You hit the shadow but do no damage. You claw the shadow, but do no damage.
The shadow is severely damaged.
The wyvern hisses menacingly.
The shadow barely misses you. The shadow hits you!
You die...

▓.▓
▓'▓
▓W▓
▓.▓
▓l▓
▓l▓
▓Y▓
▓W▓
▓@▓
▓.▓
▓.▓
▓'▓
▓_▓
▓_▓
▓_▓
▓_▓
▓_▓


You could see a yak, a wraith, 2 wyverns and a shadow.

Vanquished Creatures
  2 phantoms (D)
  2 scorpions (D)
  A hound (D)
  A goblin (D)
  A kobold (D)
  2 quokkas (D)
  A rat (D)
10 creatures vanquished.

Notes
Turn   | Place    | Note
-------+----------+-------------------------------------------
     0 | D        | rocky1 the Tengu Air Elementalist began the quest for the
                  | Orb.
     0 | D        | Reached XP level 1. HP: 10/10 MP: 4/4
     7 | D        | Reached skill level 5 in Air Magic
   266 | D        | Noticed a scorpion
   266 | D        | Noticed a hound
   266 | D        | Noticed a scorpion
   266 | D        | Noticed a phantom
   266 | D        | Noticed a phantom
   281 | D        | Killed a phantom
   282 | D        | Reached skill level 8 in Air Magic
   282 | D        | Reached XP level 2. HP: 14/15 MP: 1/7
   282 | D        | Reached XP level 3. HP: 18/19 MP: 1/9
   282 | D        | Reached XP level 4. HP: 24/24 MP: 1/10
   283 | D        | Killed a phantom
   284 | D        | Reached skill level 10 in Air Magic
   284 | D        | Gained mutation: Your magical nature lets you fly swiftly
                  | and evasively. [Tengu growth]
   284 | D        | Reached XP level 5. HP: 28/28 MP: 1/13
   285 | D        | Reached skill level 5 in Dodging
   285 | D        | Reached skill level 5 in Spellcasting
   285 | D        | Reached skill level 11 in Air Magic
   286 | D        | Reached XP level 6. HP: 32/32 MP: 1/15
   289 | D        | Reached skill level 5 in Stealth
   289 | D        | Reached skill level 12 in Air Magic
   476 | D        | Found a snail-covered altar of Cheibriados.
   476 | D        | Found a shadowy altar of Dithmenos.
   476 | D        | Found a white marble altar of Elyvilon.
   476 | D        | Found a blossoming altar of Fedhas.
   476 | D        | Found an opulent altar of Gozag.
   477 | D        | Found a hazy altar of Hepliaklqana.
   478 | D        | Found a viscous altar of Jiyva.
   479 | D        | Found an ancient bone altar of Kikubaaqudgha.
   480 | D        | Found a corrupted altar of Lugonu.
   481 | D        | Found a burning altar of Makhleb.
   482 | D        | Found a sparkling altar of Nemelex Xobeh.
   483 | D        | Found an iron altar of Okawaru.
   484 | D        | Found a stormy altar of Qazlal.
   485 | D        | Found a sacrificial altar of Ru.
   486 | D        | Found a shimmering blue altar of Sif Muna.
   487 | D        | Found a bloodstained altar of Trog.
   488 | D        | Found a hide-covered altar of Uskayaw.
   489 | D        | Found a radiant altar of Vehumet.
   490 | D        | Found an ornate altar of the Wu Jian Council.
   491 | D        | Found a shimmering altar of Xom.
   492 | D        | Found a basalt altar of Yredelemnul.
   493 | D        | Found a glowing silver altar of Zin.
   494 | D        | Became a worshipper of Sif Muna the Loreminder
   495 | D        | Found a glowing golden altar of the Shining One.
   629 | D        | Noticed a wraith
   629 | D        | Noticed a wyvern
   629 | D        | Noticed a wyvern
   629 | D        | Noticed a yak
   629 | D        | Noticed a shadow
   636 | D        | Slain by a shadow

Illustrated notes

Levels and vault maps discovered:
D:        linesprint [early_d, line_temple, items_1, d_10, items_2, lair_1,
          lair_end, items_3, orc_1, orc_end, items_4, d_15, swamp_1, shoals_1,
          snake_1, spider_1, d_20, vaults_1, items_5, swamp_end, shoals_end,
          snake_end, spider_end, vaults_end, d_27, items_6, zot_1, zot_end,
          crypt_end, forest_end, elf_end, slime_end, tomb_end, abyss_end,
          pan_hell_end]

Skill      XL: |  1  2  3  4  5  6 |
---------------+-------------------+-----
Air Magic      | 8 10 11 12 | 12.5
Dodging        | 3 4 5 |  5.5
Stealth        | 3 4 5 |  5.0
Spellcasting   | 3 4 5 |  5.6
Conjurations   | 2 3 4 |  4.1

Action                     |  1- 3 |  4- 6 || total
---------------------------+-------+-------++-------
  Melee: Short sword       |     3 |     6 ||     9
         Peck              |     1 |     2 ||     3
         Kick              |       |     2 ||     2
         Scimitar          |       |     1 ||     1
   Cast: Shock             |     8 |     5 ||    13
    Use: Potion            |     2 |       ||     2
         Scroll            |       |     1 ||     1
 Armour: Robe              |     2 |       ||     2
  Dodge: Dodged            |     4 |     3 ||     7

Table legend: (Time is in decaauts)
 A = Elapsed time spent in this place.
 B = Non-inter-level travel time spent in this place.
 C = Inter-level travel time spent in this place.
 D = Time resting spent in this place.
 E = Time spent auto-exploring this place.
 F = Levels seen in this place.
 G = Mean time per level.
                   A        B        C        D        E       F      G
               +--------+--------+--------+--------+--------+-----+--------+
         Total |    639 |    639 |      0 |    544 |      0 |   1 |  639.0 |
       Dungeon |    639 |    639 |      0 |    544 |      0 |   1 |  639.0 |
               +--------+--------+--------+--------+--------+-----+--------+

Top non-repeatable levels by time:
       D: 639 daAuts
